 Dungeon Crawl Stone Soup version 0.29-a0-330-g52719c12eb (webtiles) character file.

Game seed: 4828187117729336518

1742242 kobe the Slayer (level 27, 290/290 HPs)
             Began as an Ogre Artificer on May 13, 2022.
             Was the Champion of Ashenzari.
             Escaped with the Orb
             ... and 4 runes on May 18, 2022!
             The game lasted 07:47:24 (120699 turns).

kobe the Slayer (Ogre Artificer)                  Turns: 120699, Time: 07:47:25

Health: 290/290    AC: 37    Str: 40    XL:     27
Magic:  44/44      EV: 22    Int: 15    God:    Ashenzari [******]
Gold:   9116       SH:  0    Dex: 23    Spells: 40/50 levels left

rFire   + + .      SeeInvis +   a - +8 giant spiked club of the Eternal Bitterness {vorpal, Melee, Evo} (curse)
rCold   + + .      Faith    .   (shield currently unavailable)
rNeg    + + .      Spirit   +   K - +5 gold dragon scales of the Sublime Yoke {rPois rF+ rC+, Cun, Alch} (curse)
rPois   +          Reflect  .   Q - +2 hat "Lashed With Me" {Int+3, Self, Cun} (curse)
rElec   +          Harm     .   P - +4 dragonskin cloak {Melee, Range} (curse)
rCorr   .          Rampage  .   (gloves unavailable)
Will    ++++.      Clarity  +   (boots unavailable)
Stlth   ..........              b - amulet of Supernal Wisdom {Spirit MP+9 Str+4 Dex+2 Slay+6, Self, Fort} (curse)
HPRegen 0.58/turn               R - ring "Lashed Henotheism" {rElec rPois rN+ Dex+4 Stlth-, Melee, Cun} (curse)
MPRegen 0.29/turn               c - ring of Ashenzari's Doubts {rF+ rC+ rN+ Will++ Str+4 Stlth-, Bglg, Cun} (curse)

@: studying 3 skills
A: large, unfitting armour, tough skin 1, antennae 1, agile 1, frail 1, low MP
1, strong 2, subdued magic 1
0: Orb of Zot
}: 4/15 runes: barnacled, slimy, silver, gossamer
a: Renounce Religion, Shatter the Chains


You escaped.
You worshipped Ashenzari.
Ashenzari was exalted by your worship.
You visited 12 branches of the dungeon, and saw 57 of its levels.
You visited 1 bazaar.
You also visited: Bailey, Gauntlet and Ice Cave.

You collected 14067 gold pieces.
You spent 4951 gold pieces at shops.

Inventory:

Hand Weapons
 a - the cursed +8 giant spiked club of the Eternal Bitterness (weapon) {vorpal, Melee, Evo}
   (You took it off a two-headed ogre on level 10 of the Dungeon)

   It inflicts extra damage upon your enemies.
   It has a curse which improves the following skills: Melee Combat: Short
   Blades, Long Blades, Axes, Maces & Flails, Polearms, Staves and Unarmed
   Combat.
   Evocations: Evocations.
Missiles
 f - 21 javelins (quivered)
 g - 92 large rocks
 k - 4 silver boomerangs
 B - 34 boomerangs
 H - 2 silver javelins
 Y - 4 throwing nets
Armour
 K - the cursed +5 gold dragon scales of the Sublime Yoke (worn) {rPois rF+ rC+, Cun, Alch}
   (You found it on level 5 of the Vaults)

   rF:        It protects you from fire.
   rC:        It protects you from cold.
   rPois:     It protects you from poison.
   It has a curse which improves the following skills: Cunning: Dodging and
   Stealth.
   Alchemy:   Poison Magic and Transmutations.
 P - the cursed +4 dragonskin cloak (worn) {Melee, Range}
   (You took it off Tiamat on level 2 of the Realm of Zot)

   It grants the wearer a chance to resist fire, cold, poison, electricity,
   acid, and negative energy.
   It has a curse which improves the following skills: Melee Combat: Short
   Blades, Long Blades, Axes, Maces & Flails, Polearms, Staves and Unarmed
   Combat.
   Ranged Combat: Slings, Bows, Crossbows and Throwing.
 Q - the cursed +2 hat "Lashed With Me" (worn) {Int+3, Self, Cun}
   (You found it in a Gauntlet)

   It has a curse which improves the following skills: Introspection: Fighting
   and Spellcasting.
   Cunning:   Dodging and Stealth.
Jewellery
 b - the cursed amulet of Supernal Wisdom (around neck) {Spirit MP+9 Str+4 Dex+2 Slay+6, Self, Fort}
   (You found it on level 1 of the Lair of Beasts)

   [amulet of guardian spirit]

   It causes incoming damage to be divided between your reserves of health and
   magic.
   Str:       It affects your strength (+4).
   Dex:       It affects your dexterity (+2).
   Slay:      It affects your accuracy & damage with ranged weapons and melee
   (+6).
   MP:        It affects your magic capacity (+9).
   It has a curse which improves the following skills: Introspection: Fighting
   and Spellcasting.
   Fortitude: Armour and Shields.
 c - the cursed ring of Ashenzari's Doubts (right hand) {rF+ rC+ rN+ Will++ Str+4 Stlth-, Bglg, Cun}
   (You took it off a guardian mummy on level 3 of the Crypt)

   [ring of positive energy]

   Str:       It affects your strength (+4).
   rF:        It protects you from fire.
   rC:        It protects you from cold.
   rN:        It protects you from negative energy.
   Will:      It greatly increases your willpower.
   Stlth:     It makes you less stealthy.
   It has a curse which improves the following skills: Beguiling: Conjurations,
   Hexes and Translocations.
   Cunning:   Dodging and Stealth.
 h - an amulet of regeneration
 R - the cursed ring "Lashed Henotheism" (left hand) {rElec rPois rN+ Dex+4 Stlth-, Melee, Cun}
   (You found it on level 3 of the Crypt)

   [ring of positive energy]

   Dex:       It affects your dexterity (+4).
   rElec:     It insulates you from electricity.
   rPois:     It protects you from poison.
   rN:        It protects you from negative energy.
   Stlth:     It makes you less stealthy.
   It has a curse which improves the following skills: Melee Combat: Short
   Blades, Long Blades, Axes, Maces & Flails, Polearms, Staves and Unarmed
   Combat.
   Cunning:   Dodging and Stealth.
Wands
 e - a wand of iceblast (32)
 i - a wand of charming (21)
 v - a wand of digging (11)
 x - a wand of acid (30)
 I - a wand of mindburst (4)
 L - a wand of flame (59)
 U - a wand of paralysis (15)
Scrolls
 n - 7 scrolls of holy word
 o - 8 scrolls of silence
 r - 23 scrolls of teleportation
 u - 6 scrolls of summoning
 w - 11 scrolls of fog
 y - 2 scrolls of blinking
 C - 3 scrolls of magic mapping
 V - 8 scrolls of fear
Potions
 j - 37 potions of curing
 l - 4 potions of flight
 q - 3 potions of berserk rage
 s - 7 potions of cancellation
 t - 12 potions of attraction
 z - 6 potions of ambrosia
 A - 7 potions of haste
 D - 7 potions of lignification
 E - 7 potions of mutation
 G - 17 potions of heal wounds
 M - a potion of resistance
 W - 3 potions of might
 X - 5 potions of invisibility
Miscellaneous
 d - a phantom mirror
 m - a condenser vane
 p - a tin of tremorstones (2/2)
 F - a lightning rod (4/4)
 S - a box of beasts
 T - a phial of floods


   Skills:
 - Level 25.9(27) Fighting
 - Level 19.7(24.5) Maces & Flails
 - Level 24.7(26.9) Throwing
 - Level 18.6(21.0) Armour
 + Level 19.3(25.2) Dodging
 - Level 6.5(12.5) Stealth
 - Level 8.5(12.4) Spellcasting
 - Level 11.4(14.0) Conjurations
 - Level 3.0(5.2) Translocations
 - Level 11.4(14.0) Transmutations
 + Level 9.2(11.9) Evocations


You had 40 spell levels left.
You knew the following spells:

 Your Spells              Type           Power      Damage    Failure   Level
a - Wereblood             Tmut           39%        N/A       1%          2
e - Irradiate             Conj/Tmut      19%        3d19      2%          5
g - Apportation           Tloc           38%        N/A       3%          1
q - Passwall              Tmut/Erth      19%        N/A       2%          2

Your spell library contained the following spells:

 Spells                   Type           Power      Damage    Failure   Level
 Beastly Appendage        Tmut           78%        N/A       1%          1
 Foxfire                  Conj/Fire      92%        2x1d8     1%          1
 Magic Dart               Conj           100%       1d8       1%          1
 Shock                    Conj/Air       92%        1d8       1%          1
 Searing Ray              Conj           78%        2d7       1%          2
 Blade Hands              Tmut           19%        N/A       2%          5
 Iskenderun's Battlesphe  Conj           39%        2d9       2%          5
 Spider Form              Tmut/Pois      23%        N/A       4%          3
 Conjure Flame            Conj/Fire      23%        6-21      5%          3
 Stone Arrow              Conj/Erth      46%        3d9       5%          3
 Iskenderun's Mystic Bla  Conj/Tloc      29%        2d7       6%          4
 Gell's Gravitas          Tloc           19%        N/A       12%         3
 Lesser Beckoning         Tloc           19%        N/A       12%         3
 Teleport Other           Tloc           19%        N/A       12%         3
 Ignite Poison            Fire/Tmut/Pois 18%        N/A       14%         3
 Flame Wave               Conj/Fire      23%        2d7       19%         4
 Fulminant Prism          Conj/Hex       11%        3d9       19%         4
 Hailstorm                Conj/Ice       23%        3d7       19%         4
 Ice Form                 Ice/Tmut       23%        N/A       19%         4
 Sticky Flame             Conj/Fire      23%        2d4       19%         4
 Slow                     Hex            28%        N/A       30%         1
 Portal Projectile        Hex/Tloc       26%        N/A       32%         3
 Freeze                   Ice            28%        1d5       34%         1
 Sandblast                Erth           14%        2d6       34%         1
 Ensorcelled Hibernation  Hex/Ice        14%        N/A       45%         2
 Corpse Rot               Necr/Air       14%        N/A       47%         2
 Scorch                   Fire           14%        2d5       47%         2
 Alistair's Intoxication  Tmut/Pois      15%        N/A       47%         5
 Fireball                 Conj/Fire      11%        3d7       50%         5
 Confusing Touch          Hex            7%         N/A       67%         3
 Tukima's Dance           Hex            7%         N/A       67%         3
 Dragon Form              Tmut           19%        N/A       69%         7
 Orb of Destruction       Conj           19%        9d8       69%         7
 Inner Flame              Hex/Fire       7%         N/A       71%         3
 Summon Guardian Golem    Hex/Summ       7%         N/A       71%         3
 Ozocubu's Armour         Ice            7%         N/A       73%         3
 Swiftness                Air            7%         N/A       73%         3
 Vampiric Draining        Necr           7%         2d6       73%         3
 Conjure Ball Lightning   Conj/Air       11%        3x3d6     97%         6
 Starburst                Conj/Fire      11%        6d5       97%         6
 Statue Form              Tmut/Erth      15%        N/A       97%         6
 Airstrike                Air            3%         N/A       98%         4
 Anguish                  Hex/Necr       3%         N/A       98%         4
 Animate Armour           Summ/Erth      14%        N/A       98%         4
 Animate Dead             Necr           3%         N/A       98%         4
 Summon Forest            Summ/Tloc      6%         N/A       98%         5
 Lee's Rapid Deconstruct  Erth           3%         3d6*      100%        5
 Metabolic Englaciation   Hex/Ice        3%         N/A       100%        5
 Summon Mana Viper        Hex/Summ       7%         N/A       100%        5
 Dispersal                Tloc           9%         N/A       100%        6
 Simulacrum               Ice/Necr       3%         N/A       100%        6
 Summon Cactus Giant      Summ           3%         N/A       100%        6
 Enfeeble                 Hex            3%         N/A       100%        7
 Haunt                    Necr/Summ      3%         N/A       100%        7
 Malign Gateway           Summ/Tloc      6%         N/A       100%        7
 Ozocubu's Refrigeration  Ice            3%         4d5       100%        7
 Spellforged Servitor     Conj/Summ      11%        N/A       100%        7
 Discord                  Hex            3%         N/A       100%        8
 Disjunction              Tloc           9%         N/A       100%        8
 Ignition                 Fire           3%         3d4       100%        8
 Infestation              Necr           3%         N/A       100%        8
 Lehudib's Crystal Spear  Conj/Erth      11%        10d4      100%        8
 Polar Vortex             Ice            3%         N/A       100%        9
 Shatter                  Erth           3%         3d7*      100%        9


Dungeon Overview and Level Annotations

Branches:
Dungeon (15/15)            Temple (1/1) D:4            Lair (6/6) D:10
 Shoals (4/4) Lair:3       Spider (4/4) Lair:2        Slime (5/5) Lair:5
    Orc (2/2) D:9             Elf (3/3) Orc:2        Vaults (5/5) D:13
  Crypt (3/3) Vaults:2       Tomb (0/3) Crypt:3      Depths (4/4) D:15
    Zot (5/5) Depths:4     Bailey (visited)           IceCv (visited)
Gauntlet (visited)

Altars:
Ashenzari
Cheibriados
Dithmenos
Elyvilon
Fedhas
Gozag
Hepliaklqana
Kikubaaqudgha
Makhleb
Nemelex Xobeh
Okawaru
Qazlal
Ru
Sif Muna
Trog
Uskayaw
Vehumet
Wu Jian
Xom
Yredelemnul
Zin
The Shining One
Beogh
Jiyva

Shops:
Orc:1 [   Orc:2 *(*[   Elf:1 [   Elf:2 :=:   Elf:3 !   Shoals:2 ?   Vaults:1 ?
Vaults:5 ![=[(*   Depths:1 [((*(

Portals:
Hell: Depths:1 Depths:2 Depths:3 Depths:4
Abyss: Depths:2 Depths:3 Depths:4
Pandemonium: Depths:2 Depths:3
Ziggurat: Depths:2

Annotations:
Lair:5 2 transporters
Zot:1 36 runed doors
Zot:5 1 exclusion


Innate Abilities, Weirdness & Mutations

You are too large for most types of armour.
You have tough skin. (AC +1)
You have a pair of small antennae on your head.
You are agile. (Dex +2)
You are frail. (-10% HP)
Your magical capacity is low. (-10% MP)
Your muscles are very strong. (Str +4)
Your spells are a little easier to cast, but a little less powerful.


Message History

You closely miss the sixfirhy. The sixfirhy attacks as you move away!
The sixfirhy completely misses you.
The sixfirhy hits you but does no damage. x2
The sixfirhy closely misses you.
The cacodemon gestures next to the sixfirhy.
Some rock shatters into small pieces.
There is an escape hatch in the ceiling here.
The sixfirhy completely misses you.
The sixfirhy hits you but does no damage. x2
The sixfirhy barely misses you. A mysterious force pulls you upwards.
The hatch slams shut behind you.
You miss the sixfirhy. You miss the sixfirhy.
You skewer the sixfirhy like a kebab!!!!
You kill the sixfirhy!
No target in view!
(D) Dungeon (T) Temple (L) Lair (A) Shoals (N) Spider Nest (M) Slime Pits (O) Orcish Mines (E) Elven Halls (V) Vaults (C) Crypt (W) Tomb (U) Depths (H) Hell (Z) Zot
Where to? (Enter - D:1 @ (x,y), ? - help) HP restored.
There is an open door here.
A neqoxec comes into view.
The neqoxec completely misses you.
You skewer the neqoxec like a kebab!!!!
You kill the neqoxec!
(D) Dungeon (T) Temple (L) Lair (A) Shoals (N) Spider Nest (M) Slime Pits (O) Orcish Mines (E) Elven Halls (V) Vaults (C) Crypt (W) Tomb (U) Depths (H) Hell (Z) Zot
Where to? (Enter - D:1 @ (x,y), ? - help)
There is an open door here.
There is a stone staircase leading up here.
You climb upwards.
There is a stone staircase leading down here.
You enter the shallow water.
Moving in this stuff is going to be slow.
There is a staircase leading out of the dungeon here.
You have escaped!

* ♣♣♣♣♣♣♣♣♣♣♣♣♣♣♣♣♣♣
♣♣♣♣♣♣P♣.P♣♣♣♣♣♣♣♣
≈≈≈♣♣♣....♣..P...♣♣♣
≈≈≈♣♣♣[♣.♣♣♣♣♣..@..♣♣
≈♣ ♣♣♣♣.♣♣♣♣♣♣......♣
♣♣♣♣♣♣♣.♣♣♣♣♣♣.♣..♣♣♣
♣♣♣♣♣♣♣♣.♣♣♣♣♣♣..♣♣♣♣
♣♣♣♣♣♣♣♣♣.♣♣♣♣♣♣.♣♣♣♣
♣♣♣♣♣♣♣♣..♣♣♣♣ ♣..♣
♣♣♣♣♣♣..♣♣♣♣♣♣ ♣♣.♣
♣♣♣♣♣.♣♣♣♣♣♣♣♣ ♣.♣
.♣♣♣.♣♣♣♣♣♣♣♣♣♣♣♣.♣


There were no monsters in sight!

Vanquished Creatures
  the Royal Jelly (Slime:5)
  Tiamat (Zot:2)
  Khufu (Crypt:1)
  2 dread liches (Zot:5)
  Mara (Spider:2)
  7 orbs of fire
  5 ancient liches
  Mennas (Crypt:3)
  3 juggernauts
  3 royal mummies (Crypt:1)
  Sojobo (Depths:4)
  Boris (Depths:4)
  Margery (Depths:4)
  4 Killer Klowns
  Xtahua (Depths:4)
  3 curse toes
  4 caustic shrikes
  12 golden dragons
  The ghost of Ihia the Bewitcher, an adept DrHu of Sif Muna (Elf:1)
  Jory (Vaults:2)
  Nikola (Vaults:1)
  2 electric golems (Zot:5)
  A bone dragon (Crypt:3)
  19 tentacled monstrosities
  2 walking crystal tomes
  26 Orb Guardians
  7 liches
  Zenata (Elf:3)
  A walking earthen tome (Depths:4)
  2 walking divine tomes (Depths:4)
  4 quicksilver dragons
  3 deep elf blademasters
  7 titans
  A walking frostbound tome (Depths:4)
  24 acid blobs
  2 deep elf master archers (Elf:3)
  7 ancient champions
  A kraken (Shoals:4)
  6 sphinxes
  3 death cobs
  11 tengu reavers
  12 shadow dragons
  A revenant (Crypt:3)
  4 draconian monks
  Ilsuiw (Shoals:3)
  A shadow dragon (shapeshifter) (Depths:2)
  Roxanne (Elf:1)
  Donald (Vaults:2)
  Kirke (Lair:5)
  15 storm dragons
  9 rockslimes
  2 draconian knights
  11 azure jellies
  16 frost giants
  15 fire giants
  12 vault wardens
  6 ghost moths
  2 draconian scorchers
  9 iron dragons
  7 deep elf sorcerers
  5 emperor scorpions
  A cacodemon (Zot:5)
  Louise (Shoals:3)
  7 draconian shifters
  A caustic shrike zombie (Crypt:3)
  3 orc warlords
  A draconian annihilator (Zot:5)
  5 deep elf elementalists
  A broodmother (Lair:2)
  11 ghouls
  15 quicksilver oozes
  2 war gargoyles (Vaults:5)
  11 ironbound thunderhulks
  3 spriggan defenders
  20 ironbound preservers
  23 very ugly things
  5 draconian stormcallers
  3 reapers
  12 green draconians
  20 stone giants
  12 vampire knights
  Azrael (Lair:2)
  The ghost of Asut the Fighter, a journeyman GrFi of Okawaru (Depths:3)
  A lorocyproca (D:3)
  6 deep elf demonologists
  8 white draconians
  4 entropy weavers
  A demonspawn black sun (D:3)
  5 red draconians
  3 spark wasps
  6 black draconians
  8 deep elf annihilators
  A minotaur (Gauntlet)
  6 purple draconians
  10 yellow draconians
  13 dire elephants
  An eidolon (Crypt:1)
  8 jiangshi (Crypt:3)
  A blizzard demon (Zot:4)
  The ghost of robertstho the Thaumaturge, a journeyman DjFE of Makhleb (Lair:2)
  7 merfolk impalers
  8 deep elf death magi
  Snorg (D:14)
  2 mummy priests (Crypt:3)
  Josephine (D:13)
  13 ettins
  3 merfolk javelineers (Shoals:4)
  16 yaktaur captains
  6 deep elf high priests
  19 fire dragons
  6 boulder beetles
  17 great orbs of eyes
  15 ice dragons
  An ice dragon (shapeshifter) (D:14)
  4 merfolk avatars
  11 hydras
  10 spriggan air magi
  3 ogre magi
  29 vault guards
  2 ironbound frosthearts
  3 radroaches
  An alligator snapping turtle (Shoals:4)
  A death knight (D:14)
  2 jorogumos (Spider:3)
  2 catoblepae
  10 two-headed ogres
  29 dancing weapons
  3 merfolk aquamancers (Shoals:4)
  3 centaur warriors
  An alligator (shapeshifter) (Vaults:5)
  11 tengu warriors
  2 two-headed ogres (shapeshifter)
  3 hell hogs
  3 satyrs (Shoals:3)
  23 death yaks
  9 deep troll earth magi
  8 deep troll shamans
  5 vampire magi
  9 death scarabs (Spider:4)
  12 deep elf knights
  5 spriggan berserkers
  5 soul eaters
  5 iron trolls
  23 hell knights
  2 sun demons
  4 pharaoh ants
  4 spriggans (Depths:3)
  14 skeletal warriors
  5 flayed ghosts
  5 steelbarb worms
  A sixfirhy (D:2)
  10 sea snakes
  A shadow demon (Depths:3)
  67 deep trolls
  5 wizards
  A lindwurm (shapeshifter) (Vaults:5)
  A spark wasp zombie (Crypt:1)
  5 glowing orange brains
  17 phantasmal warriors
  3 spectral wolf spiders (Spider:4)
  20 deep elf zephyrmancers
  6 orc knights
  7 orb spiders
  5 lindwurms
  15 ironbound convokers
  2 bog bodies (Crypt:3)
  10 necromancers
  14 deep elf archers
  A wolf spider zombie (Spider:4)
  A sphinx zombie (Vaults:3)
  A harpy (shapeshifter) (D:14)
  2 broodmother zombies
  18 harpies
  23 wolf spiders
  5 shining eyes
  16 manticores
  6 orc sorcerers
  6 fauns
  32 deep elf pyromancers
  34 ugly things
  A jorogumo skeleton (Crypt:1)
  13 cyclopes
  19 moths of wrath
  5 merfolk sirens
  An eye of devastation (shapeshifter) (Depths:4)
  A guardian serpent (Depths:1)
  A rust devil (Depths:2)
  6 water nymphs
  4 torpor snails
  11 elephants
  A smoke demon (Depths:1)
  A stone giant skeleton (Crypt:3)
  3 eyes of devastation
  3 ice statues (IceCv)
  3 gargoyles
  8 black mambas
  An orange demon (Zot:5)
  3 hellions
  10 vault sentinels
  18 cane toads
  A death yak zombie (Crypt:2)
  A grey draconian zombie (Crypt:3)
  4 rime drakes
  3 unseen horrors
  10 komodo dragons
  A torpor snail (shapeshifter) (Depths:4)
  3 dire elephant skeletons (Crypt:3)
  3 demonic crawlers
  A kobold demonologist (D:11)
  2 efreet
  26 yaktaurs
  6 tengu conjurers
  5 freezing wraiths
  An alligator snapping turtle skeleton (Crypt:2)
  2 entropy weaver simulacra (IceCv)
  A red devil (Depths:3)
  2 ice devils (Lair:4)
  A yaktaur (shapeshifter) (Vaults:4)
  A catoblepas skeleton (Crypt:2)
  2 purple draconian skeletons (Crypt:3)
  11 trolls
  17 merfolk
  4 guardian mummies (Crypt:3)
  2 spectral culicivoras (Spider:4)
  6 hornets
  2 polar bears
  6 meliai
  A red draconian skeleton (Crypt:2)
  A spectral jumping spider (Spider:4)
  21 tarantellas
  A raiju (shapeshifter) (Elf:1)
  3 tarantella zombies (Spider:4)
  2 spectral tarantellas (Spider:4)
  6 wind drakes
  103 slime creatures
  13 blink frogs
  A harpy skeleton (Crypt:3)
  An ettin zombie (Vaults:3)
  5 snapping turtles
  9 dream sheep
  A hydra skeleton (Crypt:1)
  A slime creature (shapeshifter) (Depths:1)
  2 jumping spider zombies (Spider:4)
  26 jumping spiders
  17 flying skulls
  11 culicivoras
  A shadow (D:13)
  7 water elementals
  4 air elementals (Elf:1)
  4 fire elementals
  66 yaks
  2 vampires (D:11)
  6 fire bats
  3 wyverns
  4 basilisks
  11 wraiths
  An ushabti (Crypt:3)
  2 golden eyes (shapeshifter) (Depths:4)
  6 hogs
  A redback (shapeshifter) (D:14)
  48 redbacks
  2 chaos spawn
  6 golden eyes
  A yaktaur simulacrum (Vaults:3)
  2 vampire mosquitoes (D:12)
  2 neqoxecs
  3 acid dragons
  16 water moccasins
  13 wargs
  A floating eye (Depths:2)
  6 hell hounds
  5 demonic crawler simulacra (IceCv)
  2 faun skeletons
  5 ice beasts
  A merfolk skeleton (Crypt:1)
  26 orc warriors
  2 sky beasts
  2 ugly thing simulacra (IceCv)
  2 black bears (Lair:6)
  2 boulder beetle simulacra (Lair:2)
  A manticore zombie (Crypt:2)
  An ettin simulacrum (Crypt:3)
  7 ogres
  4 boggarts (Vaults:1)
  18 wolves
  10 centaurs
  A phantom (D:5)
  2 kobold brigands
  A rime drake skeleton (Crypt:2)
  12 bullfrogs
  3 glowing shapeshifter simulacra (IceCv)
  6 necrophages
  A gnoll sergeant (D:13)
  3 scorpions
  2 earth elementals (Elf:1)
  2 cane toad simulacra (Lair:2)
  A wight (D:8)
  A hornet simulacrum (D:8)
  A water moccasin skeleton (Crypt:1)
  15 killer bees
  4 electric eels
  5 howler monkeys
  A rime drake simulacrum (Lair:2)
  A komodo dragon simulacrum (Lair:2)
  2 hounds (D:5)
  2 jellies
  11 orc priests
  A gnoll shaman (D:8)
  9 iguanas
  Natasha (thrice) (D:2)
  49 orc wizards
  7 hell rats
  A deep dwarf zombie (Crypt:2)
  3 centaur simulacra
  A sky beast zombie (Crypt:1)
  12 mummies (Crypt:3)
  22 gnolls
  8 adders
  2 shadow imps
  4 white imps
  3 ufetubi
  2 iguana zombies (Crypt:3)
  4 worms
  A dart slug (D:4)
  95 orcs
  7 ball pythons
  2 bats
  7 endoplasms
  3 giant cockroaches
  11 hobgoblins
  2 jackals (D:1)
  8 quokkas
  2 frilled lizards (D:3)
  A frilled lizard skeleton (Crypt:1)
  10 goblins
  A goblin zombie (Crypt:2)
  12 kobolds
  A quokka skeleton (Crypt:1)
  3 rats
  A rat skeleton (Crypt:3)
  2 tentacles (Shoals:4)
2424 creatures vanquished.

Vanquished Creatures (collateral kills)
  A quicksilver ooze (Slime:5)
  A deep elf zephyrmancer (Bailey)
  A moth of wrath (Zot:1)
3 creatures vanquished.

Vanquished Creatures (others)
  A white draconian (Zot:1)
  A deep elf knight (Elf:1)
  A deep elf archer (Elf:2)
  An entropy weaver simulacrum (IceCv)
  An ugly thing simulacrum (IceCv)
  A bullfrog (D:8)
  A gnoll sergeant (D:8)
  2 hounds
  An iguana (D:4)
  An orc wizard (D:10)
  An orc (D:4)
  2 demonic plants (Gauntlet)
  30 fungi
  86 plants
  13 tentacles (Shoals:4)
143 creatures vanquished.

Grand Total: 2570 creatures vanquished

Notes
Turn   | Place    | Note
-------+----------+-------------------------------------------
     0 | D:1      | kobe the Ogre Artificer began the quest for the Orb.
     0 | D:1      | Reached XP level 1. HP: 19/19 MP: 1/1
   353 | D:1      | Reached skill level 2 in Fighting
   511 | D:1      | Reached XP level 2. HP: 24/29 MP: 2/2
   615 | D:1      | Reached skill level 3 in Fighting
  1635 | D:2      | Reached XP level 3. HP: 38/39 MP: 3/3
  1668 | D:2      | Reached skill level 4 in Fighting
  2365 | D:2      | Noticed Natasha
  2943 | D:2      | Reached skill level 5 in Fighting
  2943 | D:2      | Reached XP level 4. HP: 50/50 MP: 4/4
  2965 | D:2      | Killed Natasha
  3459 | D:2      | Noticed Natasha
  3482 | D:2      | Killed Natasha
  3483 | D:2      | Reached skill level 6 in Fighting
  3790 | D:2      | Noticed Natasha
  3812 | D:2      | Killed Natasha
  3813 | D:2      | Reached skill level 1 in Throwing
  3813 | D:2      | Reached XP level 5. HP: 34/59 MP: 5/5
  4141 | D:3      | Found a faded altar of an unknown god.
  4976 | D:4      | Reached XP level 6. HP: 27/67 MP: 6/6
  5367 | D:4      | Found a snail-covered altar of Cheibriados.
  5492 | D:4      | Found a glowing golden altar of the Shining One.
  5616 | D:4      | Found a staircase to the Ecumenical Temple.
  5622 | Temple   | Entered the Ecumenical Temple
  5724 | Temple   | Became a worshipper of Ashenzari the Shackled
  5751 | D:4      | Noticed a black bear
  6025 | D:4      | Identified the +7 dagger of the Uplifting Gods {spect,
                  | rPois Will- Dex+7 Stlth+}
  6047 | D:4      | Reached skill level 5 in Throwing
  6047 | D:4      | Reached XP level 7. HP: 65/75 MP: 7/7
  6735 | D:5      | Entered Level 5 of the Dungeon
  7295 | D:5      | Reached skill level 7 in Fighting
  7475 | D:5      | Reached skill level 1 in Maces & Flails
  7475 | D:5      | Reached XP level 8. HP: 88/88 MP: 8/8
  8019 | D:6      | Reached skill level 8 in Fighting
  8087 | D:6      | Found an iron altar of Okawaru.
  8841 | D:6      | Found a shimmering blue altar of Sif Muna.
  9352 | D:7      | Reached skill level 5 in Maces & Flails
  9635 | D:7      | You fall into a shaft and drop 2 floors!
  9694 | D:8      | Reached XP level 9. HP: 92/96 MP: 9/9
  9833 | D:8      | Found a white marble altar of Elyvilon.
  9833 | D:8      | Found a shadowy altar of Dithmenos.
  9834 | D:8      | Found a glowing silver altar of Zin.
  9836 | D:8      | Found a flagged portal.
  9872 | D:8      | Found a radiant altar of Vehumet.
  9909 | Bailey   | Entered a bailey
 10303 | Bailey   | Found a large runed translucent door.
 10303 | Bailey   | Found a large runed translucent door.
 10306 | Bailey   | Noticed an orc knight
 10307 | Bailey   | Noticed a deep elf zephyrmancer
 10551 | Bailey   | Killed a deep elf zephyrmancer
 10693 | Bailey   | Killed an orc knight
 10922 | Bailey   | Identified the +0 robe of the Unbroken {+Inv Str+2 Stlth+}
 11132 | D:7      | Reached XP level 10. HP: 104/104 MP: 10/10
 12178 | D:8      | Reached skill level 10 in Maces & Flails
 12440 | D:8      | Reached * piety under Ashenzari
 12440 | D:8      | Identified a scroll of acquirement
 12496 | D:8      | Found a large runed translucent door.
 12526 | D:8      | Reached skill level 9 in Fighting
 12561 | D:8      | Noticed a cyclops
 12563 | D:8      | Noticed a deep elf pyromancer
 12595 | D:8      | Killed a deep elf pyromancer
 12596 | D:8      | Reached skill level 10 in Fighting
 12780 | D:8      | Found a large runed translucent door.
 12791 | D:8      | Noticed an eight-headed hydra
 12833 | D:8      | Found a large runed translucent door.
 12833 | D:8      | Found a large runed translucent door.
 12893 | D:8      | Killed a cyclops
 13027 | D:8      | Reached skill level 11 in Fighting
 13068 | D:8      | Noticed a cyclops
 13156 | D:8      | Killed a cyclops
 13414 | D:8      | Identified the +1 pair of gloves "Tisiud" {Fly rPois rF-}
 13541 | D:9      | Reached XP level 11. HP: 109/124 MP: 11/11
 13687 | D:9      | Found a sacrificial altar of Ru.
 13717 | D:9      | Found a staircase to the Orcish Mines.
 15243 | D:10     | Entered Level 10 of the Dungeon
 15285 | D:10     | Noticed a wizard
 15316 | D:10     | Killed a wizard
 15979 | D:10     | Found a staircase to the Lair.
 16195 | D:10     | Noticed a two-headed ogre
 16218 | D:10     | Killed a two-headed ogre
 16219 | D:10     | Reached skill level 12 in Fighting
 16269 | D:10     | Reached ** piety under Ashenzari
 16269 | D:10     | Reached *** piety under Ashenzari
 17300 | D:10     | Noticed a two-headed ogre
 17309 | D:10     | Killed a two-headed ogre
 17526 | Lair:1   | Entered Level 1 of the Lair of Beasts
 17948 | Lair:1   | Identified the amulet "Uritsuq" {Spirit MP+9 Str+4 Dex+2
                  | Slay+6}
 18182 | Lair:1   | Reached **** piety under Ashenzari
 18242 | Lair:1   | Reached XP level 12. HP: 51/140 MP: 12/12
 19285 | Lair:2   | Reached skill level 1 in Armour
 19396 | Lair:2   | Found a hole to the Spider Nest.
 19719 | Lair:2   | Noticed a six-headed hydra
 19747 | Lair:2   | Killed a six-headed hydra
 20576 | Lair:2   | Noticed a death yak
 20592 | Lair:2   | Killed a death yak
 20889 | Lair:2   | Reached ***** piety under Ashenzari
 20936 | Lair:2   | Noticed an ice dragon
 20937 | Lair:2   | Noticed robertstho's ghost (journeyman DjFE)
 20937 | Lair:2   | Identified the ring of Harmony {Fire rPois Str+7}
 20943 | Lair:2   | Noticed a death yak
 20943 | Lair:2   | Noticed a death yak
 20943 | Lair:2   | Noticed a death yak
 20944 | Lair:2   | Noticed a death yak
 20944 | Lair:2   | Noticed a death yak
 21015 | Lair:1   | Killed a death yak
 21016 | Lair:1   | Reached skill level 5 in Armour
 21115 | Lair:1   | Killed a death yak
 21336 | Lair:1   | Killed a death yak
 21339 | Lair:1   | Killed a death yak
 21342 | Lair:1   | Killed a death yak
 21771 | Lair:2   | Found a runed translucent gate.
 21771 | Lair:2   | Found a runed translucent gate.
 21771 | Lair:2   | Found a runed translucent gate.
 22307 | Lair:3   | Reached XP level 13. HP: 134/152 MP: 13/13
 22926 | Lair:3   | Acquired a manual of Dodging
 22934 | Lair:3   | Reached skill level 13 in Fighting
 23038 | Lair:3   | Found a staircase to the Shoals.
 23384 | Lair:4   | Found a frozen archway.
 23564 | IceCv    | Entered an ice cave
 24230 | IceCv    | Noticed a quicksilver ooze
 24240 | IceCv    | Killed a quicksilver ooze
 24241 | IceCv    | Reached skill level 14 in Fighting
 24241 | IceCv    | Reached skill level 5 in Dodging
 24894 | IceCv    | Found a viscous altar of Jiyva.
 24894 | IceCv    | Noticed an azure jelly
 24895 | IceCv    | Noticed a quicksilver ooze
 24905 | IceCv    | Killed an azure jelly
 24939 | IceCv    | Killed a quicksilver ooze
 25152 | IceCv    | Identified the +0 pair of boots of Stoicism {Harm Will+
                  | Int+2}
 25650 | Lair:4   | Reached skill level 15 in Maces & Flails
 26114 | Lair:4   | Reached XP level 14. HP: 95/169 MP: 14/14
 27294 | Lair:5   | Found a transporter.
 27334 | Lair:5   | Found a transporter.
 27394 | Lair:5   | Found a viscous altar of Jiyva.
 27395 | Lair:5   | Found a staircase to the Slime Pits.
 28046 | Lair:6   | Entered Level 6 of the Lair of Beasts
 29239 | Lair:5   | Reached skill level 15 in Fighting
 29485 | Lair:6   | Noticed Kirke
 29804 | Lair:6   | Noticed a sphinx
 29864 | Lair:5   | Noticed a sphinx
 30745 | Lair:6   | Reached skill level 16 in Fighting
 30999 | Lair:6   | Reached XP level 15. HP: 112/183 MP: 15/15
 31485 | Lair:6   | Identified the +4 trident "Dragon's Undoing" {pain, Will+}
 31780 | D:9      | Paralysed by a hornet for 2 turns
 32037 | Orc:1    | Entered Level 1 of the Orcish Mines
 32278 | Orc:2    | Entered Level 2 of the Orcish Mines
 32278 | Orc:2    | Found a flickering gateway to a bazaar.
 32390 | Orc:1    | Found Pimykiob's Antique Armour Shoppe.
 32428 | Orc:1    | Found an ornate altar of the Wu Jian Council.
 32428 | Orc:1    | Found a transporter.
 32456 | Bazaar   | Entered a bazaar
 32456 | Bazaar   | Found Moshrut's Antique Weapon Shoppe.
 32456 | Bazaar   | Found Digimave's Antique Armour Boutique.
 32456 | Bazaar   | Found Teutzaon's Distillery.
 32456 | Bazaar   | Found Qinneuxe's Jewellery Shop.
 32528 | Bazaar   | Found Arhuk's Magic Scroll Shop.
 32584 | Bazaar   | Bought a scroll of teleportation for 24 gold pieces
 32584 | Bazaar   | Bought a scroll of teleportation for 24 gold pieces
 32584 | Bazaar   | Bought a scroll of summoning for 76 gold pieces
 32584 | Bazaar   | Bought a scroll of torment for 60 gold pieces
 32584 | Bazaar   | Bought a scroll of teleportation for 24 gold pieces
 32584 | Bazaar   | Bought a scroll of holy word for 60 gold pieces
 32592 | Bazaar   | Bought a potion of lignification for 36 gold pieces
 32592 | Bazaar   | Bought a potion of curing for 36 gold pieces
 32592 | Bazaar   | Bought a potion of curing for 36 gold pieces
 32592 | Bazaar   | Bought a potion of heal wounds for 60 gold pieces
 32592 | Bazaar   | Bought a potion of mutation for 96 gold pieces
 32592 | Bazaar   | Bought a potion of lignification for 36 gold pieces
 32814 | Orc:1    | Found a bloodstained altar of Trog.
 32954 | Orc:1    | Found a transporter.
 32972 | Orc:1    | Found a transporter.
 32988 | Orc:1    | Found a transporter.
 32988 | Orc:1    | Noticed an orc warlord
 32990 | Orc:1    | Found an ornate altar of the Wu Jian Council.
 33421 | Orc:2    | Found a staircase to the Elven Halls.
 33699 | Orc:2    | Found Fiecutie's General Store.
 33765 | Orc:2    | Noticed an orc warlord
 34070 | Orc:1    | Killed an orc warlord
 35044 | Orc:2    | Found Feurphol's Antique Armour Shoppe.
 35117 | Orc:2    | Found Hylytsev's Antique Weapon Shoppe.
 35117 | Orc:2    | Found Lijesmul's Assorted Antiques.
 35132 | Orc:2    | Bought a scroll labelled VIS WUPPUEHUGH for 35 gold pieces
 35132 | Orc:2    | Bought a scorched jade ring for 175 gold pieces
 35132 | Orc:2    | Identified the ring "Xuezij" {*Corrode rC+ rN+++ Str+2
                  | Dex+6} (You bought it in a shop on level 2 of the Orcish
                  | Mines)
 35132 | Orc:2    | Bought a potion of heal wounds for 175 gold pieces
 35132 | Orc:2    | Bought a scroll of teleportation for 105 gold pieces
 35369 | D:11     | Found a gate leading to a gauntlet.
 35430 | Gauntlet | Entered a Gauntlet
 35430 | Gauntlet | Found a transporter.
 35430 | Gauntlet | Found a transporter.
 35434 | Gauntlet | Found a transporter.
 35434 | Gauntlet | Found a transporter.
 35436 | Gauntlet | Found a transporter.
 35449 | Gauntlet | Found a transporter.
 35450 | Gauntlet | Found a transporter.
 35473 | Gauntlet | Identified the +0 pair of boots of Byqatonn {rN+ Will+}
 35509 | Gauntlet | Found a transporter.
 35519 | Gauntlet | Found a transporter.
 35534 | Gauntlet | Found a transporter.
 35546 | Gauntlet | Found a transporter.
 35559 | Gauntlet | Found a transporter.
 36201 | Gauntlet | Identified the +5 war axe of Epaog {venom, Stlth+}
 36214 | Gauntlet | Identified the +3 pair of boots of Narcissism {Str+2}
 36915 | D:11     | Reached skill level 10 in Dodging
 37263 | D:11     | Reached skill level 10 in Armour
 38168 | D:12     | Identified the +2 robe of the Doldrums {Harm *Slow Fly
                  | Will+ Str+4}
 38685 | D:12     | Reached XP level 16. HP: 197/197 MP: 16/16
 38962 | D:13     | Identified the +1 scale mail "Sefies" {Dex+4}
 39135 | D:13     | Found a gate to the Vaults.
 39449 | D:13     | Found an ornate altar of the Wu Jian Council.
 39537 | D:13     | Acquired 1015 gold pieces
 39709 | Orc:2    | Bought shiny ice dragon scales for 2079 gold pieces
 39952 | Lair:2   | Killed robertstho's ghost
 40738 | D:14     | Noticed Snorg
 40747 | D:14     | Killed Snorg
 40825 | D:14     | Noticed Josephine
 40844 | D:13     | Killed Josephine
 41128 | D:14     | Noticed Nessos
 41134 | D:14     | Noticed Nessos
 41134 | D:14     | Nessos changed into Nessos the redback
 41135 | D:14     | Killed Nessos the redback
 41500 | D:14     | Found a huge runed gate.
 41500 | D:14     | Found a huge runed gate.
 41693 | D:14     | Found a huge runed gate.
 41693 | D:14     | Found a huge runed gate.
 41693 | D:14     | Found a huge runed gate.
 41694 | D:14     | Found a huge runed gate.
 41695 | D:14     | Found a huge runed gate.
 41695 | D:14     | Found a huge runed gate.
 41695 | D:14     | Found a huge runed gate.
 41695 | D:14     | Found a huge runed gate.
 41695 | D:14     | Found a huge runed gate.
 41696 | D:14     | Found a huge runed gate.
 41696 | D:14     | Found a huge runed gate.
 41697 | D:14     | Found a huge runed gate.
 41697 | D:14     | Found a huge runed gate.
 41698 | D:14     | Found a huge runed gate.
 41699 | D:14     | Found a huge runed gate.
 41700 | D:14     | Found a huge runed gate.
 41704 | D:14     | Found a huge runed gate.
 41705 | D:14     | Found a huge runed gate.
 41708 | D:14     | Found a huge runed gate.
 41708 | D:14     | Found a huge runed gate.
 41708 | D:14     | Found a huge runed gate.
 41708 | D:14     | Found a huge runed gate.
 41715 | D:14     | Found a huge runed gate.
 41719 | D:14     | Found a huge runed gate.
 41719 | D:14     | Found a huge runed gate.
 41723 | D:14     | Found a huge runed gate.
 41723 | D:14     | Found a huge runed gate.
 41723 | D:14     | Found a huge runed gate.
 41731 | D:14     | Found a huge runed gate.
 41732 | D:14     | Found a huge runed gate.
 41733 | D:14     | Found a huge runed gate.
 41734 | D:14     | Found a huge runed gate.
 41738 | D:14     | Found a huge runed gate.
 41741 | D:14     | Found a huge runed gate.
 41948 | D:14     | Noticed a sphinx
 41948 | D:14     | Noticed a storm dragon
 41948 | D:14     | Noticed a sphinx
 42009 | D:15     | Entered Level 15 of the Dungeon
 42949 | D:15     | Found a staircase to the Depths.
 43933 | Spider:1 | Entered Level 1 of the Spider Nest
 44837 | Spider:1 | Noticed Azrael
 45388 | Lair:2   | Killed Azrael
 45950 | Spider:2 | Reached XP level 17. HP: 194/201 MP: 17/17
 46149 | Spider:2 | Reached skill level 17 in Fighting
 47561 | Spider:3 | Reached skill level 18 in Fighting
 48751 | Spider:4 | Entered Level 4 of the Spider Nest
 49488 | Spider:4 | Noticed Mara
 50423 | Shoals:1 | Entered Level 1 of the Shoals
 52902 | Shoals:2 | Found Fiador's Magic Scroll Shop.
 52959 | Shoals:2 | Bought a scroll of silence for 120 gold pieces
 52959 | Shoals:2 | Bought a scroll of blinking for 120 gold pieces
 52959 | Shoals:2 | Bought a scroll of fog for 32 gold pieces
 53123 | Shoals:3 | Reached skill level 10 in Throwing
 53203 | Shoals:3 | Noticed Louise
 53210 | Shoals:3 | Killed Louise
 53428 | Shoals:3 | Reached XP level 18. HP: 209/218 MP: 18/18
 53872 | Shoals:4 | Entered Level 4 of the Shoals
 53874 | Shoals:4 | Noticed Ilsuiw
 54144 | Shoals:3 | Killed Ilsuiw
 54796 | Shoals:4 | Identified Vebaunuss's Incunabulum of the Oath
 55067 | Shoals:4 | Identified the +4 mace "Lina Apt" {speed, rN++ Str+6 Int-2}
 55798 | Shoals:4 | Got a barnacled rune of Zot
 56040 | Shoals:4 | Reached skill level 19 in Fighting
 57316 | Spider:4 | Noticed kobe's illusion
 57327 | Spider:3 | Noticed kobe's illusion
 58228 | Spider:3 | Reached skill level 20 in Fighting
 59239 | Spider:4 | Identified the +0 pair of gloves of Mordant Freedom {Dex+5}
 59573 | Spider:2 | Killed Mara
 59861 | Spider:4 | Identified the +2 pair of boots of the Modern Artisans
                  | {rElec rF+ Dex-3}
 60006 | Spider:4 | Reached XP level 19. HP: 234/234 MP: 19/19
 60152 | Spider:4 | Got a gossamer rune of Zot
 60426 | Vaults:1 | Entered Level 1 of the Vaults
 60872 | D:13     | Reached skill level 21 in Fighting
 61681 | Vaults:1 | Noticed Nikola
 61689 | Vaults:1 | Killed Nikola
 61967 | Vaults:1 | Found Peoriugel's Magic Scroll Boutique.
 61982 | Vaults:1 | Bought a scroll of fog for 34 gold pieces
 61982 | Vaults:1 | Bought a scroll of teleportation for 51 gold pieces
 64255 | Vaults:2 | Found a basalt altar of Yredelemnul.
 64269 | Vaults:2 | Found an ancient bone altar of Kikubaaqudgha.
 64279 | Vaults:2 | Found a staircase to the Crypt.
 64284 | Vaults:2 | Noticed Donald
 64303 | Vaults:2 | Killed Donald
 65791 | Vaults:2 | Reached skill level 22 in Fighting
 65818 | Vaults:2 | Reached XP level 20. HP: 248/248 MP: 20/20
 65823 | Vaults:2 | Reached skill level 1 in Stealth
 66477 | Vaults:3 | Identified the +8 arbalest "Grim Tooth" {venom, rPois rC-
                  | Will- Int+8}
 67891 | Vaults:3 | Noticed Jory
 67901 | Vaults:3 | Paralysed by a sphinx for 7 turns
 68302 | Vaults:2 | Killed Jory
 69091 | Vaults:4 | Reached skill level 15 in Throwing
 69627 | Vaults:4 | Reached skill level 23 in Fighting
 70743 | Vaults:4 | Reached XP level 21. HP: 235/262 MP: 21/21
 71145 | Elf:1    | Entered Level 1 of the Elven Halls
 71222 | Elf:1    | Identified Roxanne's Incunabulum of Stones
 71222 | Elf:1    | Noticed Roxanne
 71227 | Elf:1    | Killed Roxanne
 71299 | Elf:1    | Found Fadwydgh's Armour Shop.
 71699 | Elf:1    | Paralysed by an air elemental for 1 turns
 72214 | Elf:1    | Paralysed by an air elemental for 1 turns
 72230 | Elf:1    | Paralysed by an air elemental for 1 turns
 72476 | Elf:2    | Reached skill level 24 in Fighting
 72498 | Elf:2    | Found a runed translucent gate.
 72499 | Elf:2    | Found a runed translucent gate.
 72500 | Elf:2    | Found a runed translucent gate.
 72500 | Elf:2    | Noticed Ihia's ghost (adept DrHu)
 72501 | Elf:2    | Identified the +0 pair of boots of Mumit {rElec}
 72936 | Elf:2    | Found a runed translucent gate.
 72937 | Elf:2    | Found a runed translucent gate.
 72937 | Elf:2    | Found a runed translucent gate.
 73044 | Elf:2    | Found Putezxag's Book Shop.
 73057 | Elf:2    | Found Kagiutz's Book Shop.
 73057 | Elf:2    | Found Litep's Jewellery Shoppe.
 73090 | Elf:2    | Bought a ring of willpower for 375 gold pieces
 73334 | Elf:3    | Entered Level 3 of the Elven Halls
 73636 | Elf:3    | Identified the +0 pair of gloves of the Dungeon {Str+2
                  | Int+5}
 73656 | Elf:3    | Found Zoabeyr's Distillery.
 73661 | Elf:3    | Bought a potion of heal wounds for 80 gold pieces
 73661 | Elf:3    | Bought a potion of cancellation for 128 gold pieces
 73661 | Elf:3    | Bought a potion of heal wounds for 80 gold pieces
 74337 | Elf:3    | Noticed Zenata
 74338 | Elf:3    | Identified the +6 hand axe "Aginn" {vorpal, Int+4}
 74341 | Elf:3    | Identified the Incunabulum of the Traveller
 74346 | Elf:3    | Identified the ring "Iniskage" {Fly Str+2}
 74808 | Elf:3    | Reached skill level 25 in Fighting
 75087 | Elf:3    | Killed Zenata
 75905 | Elf:3    | Learned a level 5 spell: Irradiate
 75908 | Elf:3    | Learned a level 2 spell: Wereblood
 76245 | Depths:1 | Entered Level 1 of the Depths
 76245 | Depths:1 | Found a burning altar of Makhleb.
 76260 | D:15     | Acquired a manual of Stealth
 76463 | Depths:1 | Reached skill level 1 in Conjurations
 76463 | Depths:1 | Reached skill level 1 in Transmutations
 76491 | Depths:1 | Found Jega's Antique Armour Shoppe.
 76499 | Depths:1 | Bought a twisted cloak for 389 gold pieces
 76499 | Depths:1 | Identified the +2 cloak of Sif Muna's Grace {rN+ Int+4
                  | SInv} (You bought it in a shop on level 1 of the Depths)
 76909 | Depths:1 | Found a bloodstained altar of Trog.
 77086 | Depths:1 | Found Tox Zeqi's Weapon Emporium.
 77102 | Depths:1 | Found Exoxovyr's Assorted Antiques.
 77178 | Depths:1 | Found Qinotebb's Weapon Emporium.
 77200 | Depths:1 | Reached XP level 22. HP: 261/275 MP: 22/22
 77241 | Depths:1 | Found Siocuel's Antique Weapon Shoppe.
 77386 | Depths:1 | Found the +5 robe of Misfortune {Harm *Corrode *Slow EV+5}
 77830 | Depths:1 | Found a gateway to Hell.
 77951 | Depths:2 | Noticed a juggernaut
 78150 | Depths:1 | Killed a juggernaut
 78997 | Depths:2 | Paralysed by a floating eye for 2 turns
 79013 | Depths:2 | Reached skill level 15 in Armour
 79326 | Depths:2 | Reached skill level 5 in Transmutations
 79507 | Depths:2 | Identified the +1 leather armour of the Black Moon {Regen+
                  | Str+5}
 79653 | Depths:2 | Found a one-way gate to the infinite horrors of the Abyss.
 80022 | Depths:2 | Found a one-way gateway to a ziggurat.
 80332 | Depths:2 | Found a one-way gate leading to the halls of Pandemonium.
 80449 | Depths:2 | Identified the +0 pair of boots "Zinizuj" {Fly rF+++ Str-4
                  | Int+5}
 81317 | Depths:3 | Found a transporter.
 81338 | Depths:3 | Noticed Asut's ghost (journeyman GrFi)
 81338 | Depths:3 | Identified the +2 robe "Ikuzeots" {Harm}
 81339 | Depths:3 | Noticed a caustic shrike
 81345 | Depths:3 | Noticed a golden dragon
 81352 | Depths:3 | Found a transporter.
 81355 | Depths:3 | Identified the amulet of the Two Names {+Inv rC+ Regen+
                  | Int+2 Slay-4}
 81356 | Depths:3 | Identified the ring of Kerourgh {Contam rN+ Will+ MP+9
                  | Str+6 Slay+3}
 81558 | Depths:3 | Reached skill level 5 in Conjurations
 82256 | Depths:3 | Reached XP level 23. HP: 264/284 MP: 23/23
 84093 | Elf:2    | Reached skill level 5 in Stealth
 85728 | Elf:1    | Killed Ihia's ghost
 85966 | Elf:2    | Learned a level 2 spell: Passwall
 86300 | Depths:4 | Entered Level 4 of the Depths
 86565 | Depths:4 | Noticed Margery
 86674 | Depths:4 | Killed Margery
 86907 | Depths:4 | Found a hazy altar of Hepliaklqana.
 86908 | Depths:4 | Noticed Sojobo
 86925 | Depths:4 | Paralysed by an air elemental for 1 turns
 86949 | Depths:4 | Noticed Xtahua
 87362 | Depths:4 | Killed Xtahua
 87705 | Depths:4 | Killed Sojobo
 87962 | Depths:4 | Noticed a caustic shrike
 88024 | Depths:4 | Reached skill level 5 in Evocations
 88051 | Depths:4 | Noticed Boris
 88074 | Depths:4 | Noticed a caustic shrike
 88447 | Depths:4 | Found a sparkling altar of Nemelex Xobeh.
 88469 | Depths:4 | Found a stormy altar of Qazlal.
 88518 | Depths:4 | Killed Boris
 88900 | Depths:4 | Noticed a caustic shrike
 89257 | Depths:4 | Found a gate to the Realm of Zot.
 89297 | Depths:4 | Noticed a juggernaut
 89478 | Depths:4 | Killed a caustic shrike
 89759 | Depths:4 | Noticed a caustic shrike
 89943 | Depths:4 | Reached skill level 15 in Dodging
 90082 | Depths:4 | Reached XP level 24. HP: 271/295 MP: 35/35
 90143 | Depths:4 | Noticed a juggernaut
 90159 | Depths:4 | Killed a juggernaut
 90409 | Depths:4 | Killed a juggernaut
 90593 | Depths:4 | Identified the +1 hunting sling "Coluiro" {freeze, Str+8
                  | Int+4 Dex-5}
 90841 | Depths:4 | Killed a caustic shrike
 91020 | Depths:4 | Killed a caustic shrike
 91239 | Depths:4 | Identified the ring of Ililic {Fire rCorr}
 91686 | Depths:3 | Killed a caustic shrike
 92682 | Depths:3 | Killed Asut's ghost
 93028 | Crypt:1  | Entered Level 1 of the Crypt
 93056 | Crypt:1  | Reached skill level 5 in Spellcasting
 93452 | Crypt:1  | Noticed a royal mummy
 93458 | Crypt:1  | Noticed Khufu
 93460 | Crypt:1  | Noticed a royal mummy
 93883 | Crypt:1  | Killed a royal mummy
 94098 | Crypt:1  | Killed Khufu
 94143 | Crypt:1  | Noticed a royal mummy
 94149 | Crypt:1  | Killed a royal mummy
 94480 | Crypt:1  | Killed a royal mummy
 95721 | Crypt:1  | Found an ancient bone altar of Kikubaaqudgha.
 96036 | Crypt:3  | Entered Level 3 of the Crypt
 96291 | Crypt:3  | Reached XP level 25. HP: 304/304 MP: 37/37
 96551 | Crypt:3  | Noticed Mennas
 96635 | Crypt:3  | Killed Mennas
 97189 | Crypt:3  | Found a staircase to the Tomb.
 97888 | Crypt:3  | Identified the ring "Icsem" {rF+ rC+ rN+ Will++ Str+4
                  | Stlth-}
 97890 | Crypt:3  | Found an ancient bone altar of Kikubaaqudgha.
 98061 | Crypt:3  | Found a basalt altar of Yredelemnul.
 98086 | Crypt:3  | Identified the +4 halberd "Mophaficla" {vorpal, rElec rN+
                  | Will+}
 98113 | Crypt:3  | Identified the ring of Afank {rElec rPois rN+ Dex+4 Stlth-}
 98441 | Vaults:5 | Entered Level 5 of the Vaults
 99301 | Vaults:4 | Learned a level 1 spell: Apportation
100279 | Vaults:5 | Noticed an ancient lich
100284 | Vaults:5 | Killed an ancient lich
100814 | Vaults:5 | Got a silver rune of Zot
101244 | Vaults:5 | Identified the +10 plate armour "Yfekkip" {Regen+ Dex+4}
101256 | Vaults:5 | Found Dops's Distillery.
101262 | Vaults:5 | Bought a potion of heal wounds for 105 gold pieces
101262 | Vaults:5 | Bought 2 potions of heal wounds for 210 gold pieces
101352 | Vaults:5 | Reached XP level 26. HP: 314/314 MP: 37/37
101770 | Vaults:5 | Identified the +6 chain mail "Etelin" {-Cast rElec rF+
                  | Dex+4}
102151 | Vaults:5 | Found Bosey's Jewellery Shoppe.
102310 | Vaults:5 | Found Fybleokh's General Store.
102491 | Vaults:5 | Bought a potion of heal wounds for 90 gold pieces
102510 | Vaults:5 | Found Lempycy's Antique Armour Shop.
102510 | Vaults:5 | Noticed an ancient lich
102570 | Vaults:5 | Killed an ancient lich
102749 | Vaults:5 | Found Tuxo Lur's Antique Weapon Shoppe.
102761 | Vaults:5 | Found Lamanow's Antique Armour Shoppe.
103853 | Slime:1  | Entered Level 1 of the Pits of Slime
106237 | Slime:5  | Entered Level 5 of the Pits of Slime
106336 | Slime:5  | Reached skill level 10 in Conjurations
106544 | Slime:5  | Noticed the Royal Jelly
106627 | Slime:5  | Found a viscous altar of Jiyva.
106706 | Slime:5  | Identified the ring "Zaukeog" {Fly rElec rN++ Dex-3}
106706 | Slime:5  | Identified Sif Muna's Compendium of Snow
106707 | Slime:5  | Identified the +5 hand axe of the Lair of Beasts {pain,
                  | Will++ Int+5}
106708 | Slime:5  | Identified the Catalogue of Doomed Execration
106709 | Slime:5  | Identified the ring "Wakkis" {*Corrode rF- MP+9 Dex+3
                  | Slay+6}
106793 | Slime:5  | Killed the Royal Jelly
107020 | Slime:5  | Got a slimy rune of Zot
107435 | Lair:5   | Killed Kirke
107749 | Zot:1    | Entered Level 1 of the Realm of Zot
108223 | Zot:1    | Found a huge runed gate.
108223 | Zot:1    | Found a huge runed gate.
108223 | Zot:1    | Found a huge runed gate.
108223 | Zot:1    | Found a huge runed gate.
108223 | Zot:1    | Found a huge runed gate.
108223 | Zot:1    | Found a huge runed gate.
108223 | Zot:1    | Found a huge runed gate.
108225 | Zot:1    | Found a huge runed gate.
108226 | Zot:1    | Found a huge runed gate.
108227 | Zot:1    | Found a huge runed gate.
108228 | Zot:1    | Found a huge runed gate.
108229 | Zot:1    | Found a huge runed gate.
108230 | Zot:1    | Found a huge runed gate.
108231 | Zot:1    | Found a huge runed gate.
108232 | Zot:1    | Found a huge runed gate.
108233 | Zot:1    | Found a huge runed gate.
108316 | Zot:1    | Found a huge runed gate.
108317 | Zot:1    | Found a huge runed gate.
108317 | Zot:1    | Found a huge runed gate.
108317 | Zot:1    | Found a huge runed gate.
108317 | Zot:1    | Found a huge runed gate.
108317 | Zot:1    | Found a huge runed gate.
108318 | Zot:1    | Found a huge runed gate.
108319 | Zot:1    | Found a huge runed gate.
108320 | Zot:1    | Found a huge runed gate.
108369 | Zot:1    | Found a huge runed gate.
108370 | Zot:1    | Found a huge runed gate.
108372 | Zot:1    | Found a huge runed gate.
108372 | Zot:1    | Found a huge runed gate.
108372 | Zot:1    | Found a huge runed gate.
108372 | Zot:1    | Found a huge runed gate.
108372 | Zot:1    | Found a huge runed gate.
108373 | Zot:1    | Found a huge runed gate.
108374 | Zot:1    | Found a huge runed gate.
108396 | Zot:1    | Reached XP level 27. HP: 315/323 MP: 38/38
108851 | Zot:1    | Found a huge runed gate.
108851 | Zot:1    | Found a huge runed gate.
109646 | Zot:2    | Reached skill level 10 in Transmutations
109778 | Zot:2    | Found the +4 dragonskin cloak
109778 | Zot:2    | Noticed Tiamat
109800 | Zot:2    | Killed Tiamat
110346 | Zot:2    | Reached ****** piety under Ashenzari
110594 | Zot:3    | Reached skill level 1 in Translocations
111338 | Zot:4    | Noticed an orb of fire
111343 | Zot:4    | Killed an orb of fire
111557 | Zot:4    | Identified the +5 hand axe of Brawling {flame, MP+9 Int+2}
112360 | Zot:5    | Entered Level 5 of the Realm of Zot
114133 | Zot:5    | Noticed an orb of fire
114149 | Zot:5    | Gained mutation: You are clumsy. (Dex -2) [an orb of fire]
114153 | Zot:5    | Killed an orb of fire
114302 | Zot:5    | Noticed an orb of fire
114326 | Zot:5    | Noticed an ancient lich
114385 | Zot:5    | Gained mutation: You are very clumsy. (Dex -4) [an orb of
                  | fire]
114390 | Zot:5    | Killed an ancient lich
114399 | Zot:5    | Gained mutation: Your spells are a little easier to cast,
                  | but a little less powerful. [an orb of fire]
114402 | Zot:5    | Killed an orb of fire
115197 | D:7      | Identified the +1 pair of gloves "Tisiud" {Fly rPois rF-}
116727 | Zot:5    | Noticed a dread lich
116738 | Zot:5    | Killed a dread lich
117002 | Zot:5    | Noticed an orb of fire
117003 | Zot:5    | Gained mutation: You are dopey. (Int -2) [an orb of fire]
117004 | Zot:5    | Gained mutation: You have hidden genetic defects. [an orb
                  | of fire]
117012 | Zot:5    | Killed an orb of fire
117081 | Zot:5    | Noticed a dread lich
117086 | Zot:4    | Lost mutation: You are very clumsy. (Dex -4) [potion of
                  | mutation]
117086 | Zot:4    | Lost mutation: You are clumsy. (Dex -2) [potion of
                  | mutation]
117086 | Zot:4    | Lost mutation: Your spells are a little easier to cast, but
                  | a little less powerful. [potion of mutation]
117086 | Zot:4    | Gained mutation: You have a pair of small antennae on your
                  | head. [potion of mutation]
117086 | Zot:4    | Gained mutation: Armour fits poorly on your strangely
                  | shaped body. [potion of mutation]
117086 | Zot:4    | Gained mutation: You are covered in fur. (AC +1) [potion of
                  | mutation]
117086 | Zot:4    | Lost mutation: You are dopey. (Int -2) [potion of mutation]
117087 | Zot:4    | Lost mutation: You have hidden genetic defects. [potion of
                  | mutation]
117087 | Zot:4    | Lost mutation: You are covered in fur. (AC +1) [potion of
                  | mutation]
117087 | Zot:4    | Gained mutation: Your muscles are strong. (Str +2) [potion
                  | of mutation]
117087 | Zot:4    | Gained mutation: You are agile. (Dex +2) [potion of
                  | mutation]
117087 | Zot:4    | Gained mutation: You have a pair of antennae on your head.
                  | [potion of mutation]
117088 | Zot:4    | Lost mutation: Armour fits poorly on your strangely shaped
                  | body. [potion of mutation]
117088 | Zot:4    | Lost mutation: You have a pair of antennae on your head.
                  | [potion of mutation]
117088 | Zot:4    | Gained mutation: Your muscles are very strong. (Str +4)
                  | [potion of mutation]
117144 | Zot:5    | Noticed an orb of fire
117148 | Zot:5    | Gained mutation: You occasionally shout uncontrollably at
                  | your foes. [an orb of fire]
117150 | Zot:5    | Killed an orb of fire
117476 | Zot:5    | Noticed an orb of fire
117481 | Zot:5    | Gained mutation: You sometimes lose the ability to read
                  | scrolls when taking damage. [an orb of fire]
117482 | Zot:5    | Killed an orb of fire
117502 | Zot:5    | Noticed an orb of fire
117583 | Zot:5    | Noticed an ancient lich
117592 | Zot:5    | Killed an ancient lich
117713 | Zot:5    | Noticed an ancient lich
117718 | Zot:5    | Gained mutation: Your magical capacity is low. (-10% MP)
                  | [an orb of fire]
117721 | Zot:5    | Gained mutation: Your spells are a little easier to cast,
                  | but a little less powerful. [an orb of fire]
117723 | Zot:5    | Gained mutation: You are frail. (-10% HP) [an orb of fire]
117724 | Zot:5    | Lost mutation: Your muscles are very strong. (Str +4) [an
                  | orb of fire]
117726 | Zot:5    | Killed an orb of fire
117729 | Zot:5    | Paralysed by a Zot trap for 5 turns
117746 | Zot:5    | Killed an ancient lich
117873 | Zot:5    | Lost mutation: You occasionally shout uncontrollably at
                  | your foes. [potion of mutation]
117873 | Zot:5    | Lost mutation: You sometimes lose the ability to read
                  | scrolls when taking damage. [potion of mutation]
117873 | Zot:5    | Lost mutation: You are agile. (Dex +2) [potion of mutation]
117873 | Zot:5    | Gained mutation: Your muscles are very strong. (Str +4)
                  | [potion of mutation]
117873 | Zot:5    | Gained mutation: You are agile. (Dex +2) [potion of
                  | mutation]
117975 | Zot:5    | Killed a dread lich
118412 | Zot:1    | Noticed an orb of fire
120065 | Zot:5    | Got the Orb of Zot
120366 | D:12     | Noticed Jivat the pandemonium lord
120699 | D:$      | Escaped with the Orb!

Illustrated notes

Levels and vault maps discovered:
D:1:      kilobyte_arrival_exit_the_forest, layout_basic
D:2:      layout_basic, minmay_circle_x, uniq_natasha
D:3:      layout_rooms, nicolae_ecumenical_oubliette, nicolae_figureground_pulse
D:4:      layout_loops_ring, cheibriados_altar_1,
          mainiacjoe_overflow_concentric_impassable,
          minmay_temple_entry_overgrown, minmay_statues_item,
          kennysheep_crisscross
D:5:      minmay_inner_zag, layout_basic, serial_corexii_hall,
          chequers_hall_statues_corner_a, corexii_hall_statues_i,
          cheibrodos_gnoll_hut
D:6:      layout_basic, mainiacjoe_overflow_alcove_4, kennysheep_mini_moat
D:7:      layout_basic
D:8:      layout_rooms, chequers_temple_overflow_statue_of_worship,
          enter_bailey_2, serial_ice, serial_ice_e, serial_ice_b, serial_ice_i,
          serial_ice_m, minmay_misc_feat_cross, minmay_hollow_rounded_squares
D:9:      layout_loops_ring, nicolae_ru_awakened_eye, orc_0_dummy
D:10:     layout_gridville, lair_entry_dummy, grunt_ministairs_5
D:11:     nicolae_cairo_tiling_large_dashed, layout_cave_pools,
          gauntlet_entry_generic, nzn_random_ring
D:12:     layout_irregular_city
D:13:     layout_cave_pools, david_vaults_1, nzn_wu_jian_council_hall
D:14:     layout_roguey, serial_bayou_pond_a, door_vault, uniq_josephine,
          uniq_snorg, uniq_nessos
D:15:     grunt_enter_depths_giant_problem, layout_rooms
Temple:   dshaligram_water_room_temple
Lair:1:   layout_chaotic_city, grunt_megastairs_4
Lair:2:   layout_regular_city, spider_nest_entry_rubble, gammafunk_ghost_icy
Lair:3:   layout_regular_city, minmay_shoals_entry_hut
Lair:4:   layout_small_grid, portal_ice_cave_demonic_guard, serial_bayou_lake_a
Lair:5:   gammafunk_worm_tunnel, layout_long_grid, slime_altar_1,
          beast_lair_carwin_5, grunt_megastairs_5
Lair:6:   grunt_lair_end_beastmaster, layout_cave_shapes, grunt_megastairs_2,
          uniq_kirke
Shoals:1: layout_shoals
Shoals:2: layout_shoals, serial_shops, nicolae_shop_behind_doors
Shoals:3: layout_shoals, uniq_louise
Shoals:4: shoals_end_hangedman, layout_shoals, shoal_ilsuiw
Spider:1: layout_spider_delve, uniq_azrael
Spider:2: layout_chambers
Spider:3: layout_spider_delve, guppyfry_spider_mini_3,
          nicolae_spider_cling_halls
Spider:4: floodkiller_spider_rune_tomb, uniq_mara
Slime:1:  layout_caves
Slime:2:  layout_caves
Slime:3:  layout_caves
Slime:4:  layout_caves
Slime:5
Orc:1:    dreamdust_wu_jian_sword_trials, layout_caves, serial_shops, shop,
          trog_butcher_becter
Orc:2:    st_orc_town, layout_caves, serial_shops, bzr_entry_dummy,
          minmay_orc_temple_a
Elf:1:    eino_elf_arrival_the_gate, layout_loops_corners, serial_shops,
          nicolae_shop_advertising_works [nicolae_subvault_shop_adworks],
          evilmike_minifort, grunt_ministairs_1, drop_trap, uniq_roxanne
Elf:2:    nicolae_elf_blades_crystal_corner, layout_rooms,
          gammafunk_ghost_tricky_traps, solitary_fountain, minmay_shop_grove
Elf:3:    grunt_elf_hall_spiral, layout_geoelf_diagonals, serial_shops, shop,
          minivault_25_ag, minivault_14, uniq_zenata
Vaults:1: vaults_room_grid, v_misc_19, vaults_mumra_hex,
          hangedman_vaults_restitches, vaults_room_grunt_arrival_checkpoint,
          v_misc_10, vaults_dpeg_diagonal, layout_vaults_quadrants,
          serial_shops, nicolae_shop_hallway_plus, uniq_nikola
Vaults:2: vaults_dpeg_doors, v_alt_pattern_4, nicolae_vaults_murderbox,
          grunt_vaults_hallway_long, v_pattern_1, v_misc_17,
          minmay_crypt_entry_necro_gods, nicolae_vaults_asterisk,
          vaults_room_door_ring, layout_vaults_ring, uniq_donald
Vaults:3: grunt_vaults_trifunnel, v_misc_4, grunt_vaults_funnel,
          nicolae_vaults_quadrants, v_misc_18, vaults_room_grid, v_pattern_3,
          nicolae_vaults_little_squares_6, nicolae_vaults_asterisk,
          vaults_room_semicircle, v_alt_pattern_3,
          ontoclasm_vaults_loading_screen, nicolae_vaults_shelves_hall,
          nicolae_vaults_yaktaur_gun_rack, layout_vaults_omnicross, uniq_jory
Vaults:4: vaults_room_large_hall, hangedman_vaults_cutoff,
          ontoclasm_vaults_tryst, ontoclasm_vaults_idyll,
          hangedman_vaults_snaps, dpeg_vaults_monster_box,
          ontoclasm_vaults_claustrophobia, ontoclasm_vaults_eye,
          hangedman_vaults_stagger, nicolae_vaults_little_ls,
          nicolae_vaults_little_squares_2, ontoclasm_vaults_twist,
          layout_vaults_omnibox
Vaults:5
Crypt:1:  layout_misc_corridors, lemuel_upstairs_altar,
          grunt_crypt_arrival_webbed, uniq_khufu
Crypt:2:  layout_gridlike, roderic_lattice_octagonal_star
Crypt:3:  lightli_unholy_cathedral, layout_chaotic_city,
          nicolae_tomb_entry_unfolded_pyramid_diagonal, moated_statue,
          serial_sigils_hangedman_scratch, uniq_mennas
Depths:1: layout_gridville, fountainhead, serial_shops, nicolae_shop_trees,
          shop_fountains, nicolae_inconvenience_store,
          nicolae_shop_bloodbath_and_beyond, shop, hellmouth_1, nicolae_wwwww,
          hangedman_feature_mirror, fake_guardian_serpent_vault
Depths:2: nzn_winding_woodlands_stair_cross
          [nzn_winding_woodlands_5x15_longhouse,
          nzn_winding_woodlands_center_diamonds,
          nzn_winding_woodlands_5x15_garden,
          nzn_winding_woodlands_5x5_closed_star,
          nzn_winding_woodlands_5x5_cross, nzn_winding_woodlands_5x15_eye,
          nzn_winding_woodlands_center_pierced_h,
          nzn_winding_woodlands_5x15_cabin], layout_long_grid, enter_ziggurat_e,
          abyss_entry, hangedman_geh_valley, rand_demon_pan_entry_7,
          solitary_fountain, minmay_staircase_windowed_small
Depths:3: kennysheep_ogre_elephant_herders, layout_honeycomb,
          hangedman_abyss_entry_splay, gammafunk_ghost_berserking_beasts,
          hell_entry, rand_demon_pan_entry_8, nrook_mini_backslash,
          serial_bayou_shore_a
Depths:4: hangedman_slaughterboxes, abyss_entry, hell_entry, serial_shops,
          uniq_boris, uniq_margery, uniq_xtahua, uniq_sojobo
Zot:1:    layout_cathedral_of_symmetry, door_vault
Zot:2:    layout_onion, st_grand_hoard_of_tiamat
Zot:3:    layout_misc_corridors
Zot:4:    layout_twisted_circle, hangedman_zot_decor_unnerving_road,
          lemuel_elevator
Zot:5:    layout_twisted_circle

Skill      XL: |  1  2  3  4  5  6  7  8  9 10 11 12 13 14 15 16 17 18 19 20 21 22 23 24 25 26 27 |
---------------+----------------------------------------------------------------------------------+-----
Fighting       | 2 3 5 6 7 8 11 12 14 16 18 20 22 23 25 | 25.9
Throwing       | 1 3 5 6 8 10 12 14 15 16 18 22 23 24 | 24.7
Maces & Flails | 1 5 9 11 13 14 15 16 17 18 19 | 19.7
Evocations     | 3 4 5 7 9 |  9.2
Armour         | 7 9 10 13 14 15 16 18 | 18.6
Dodging        | 9 11 12 13 14 15 16 19 | 19.3
Stealth        | 2 4 5 6 |  6.5
Conjurations   | 2 6 9 10 11 | 11.4
Transmutations | 2 7 9 11 | 11.4
Spellcasting   | 4 6 7 8 |  8.5
Translocations | 3 |  3.0

Action                   |  1- 3 |  4- 6 |  7- 9 | 10-12 | 13-15 | 16-18 | 19-21 | 22-24 | 25-27 || total
-------------------------+-------+-------+-------+-------+-------+-------+-------+-------+-------++-------
Melee: Club              |    30 |       |       |       |       |       |       |       |       ||    30
       Short sword       |    57 |       |       |       |       |       |       |       |       ||    57
       Dagger            |   118 |   161 |   189 |   150 |       |       |       |       |       ||   618
       Punch             |       |       |     2 |     6 |       |       |       |       |       ||     8
       Whip              |       |       |       |   182 |       |       |       |       |       ||   182
       Flail             |       |       |       |     2 |       |       |       |       |       ||     2
       Giant club        |       |       |       |   256 |   980 |  1199 |     9 |       |       ||  2444
       Giant spiked club |       |       |       |     8 |       |       |   883 |   967 |   923 ||  2781
 Fire: Hunting sling     |    54 |    95 |    31 |    11 |       |       |       |       |       ||   191
Throw: Stone             |     1 |       |       |       |       |       |       |       |       ||     1
       Dart              |       |    10 |    59 |    56 |    32 |     1 |       |       |       ||   158
       Boomerang         |       |       |     6 |    26 |    13 |    24 |       |     6 |       ||    75
       Large rock        |       |       |       |    16 |    36 |    78 |    59 |   173 |   607 ||   969
       Javelin           |       |       |       |       |       |     8 |     8 |     5 |    17 ||    38
       Throwing net      |       |       |       |       |       |       |       |       |     1 ||     1
 Cast: Irradiate         |       |       |       |       |       |       |       |    10 |    14 ||    24
       Apportation       |       |       |       |       |       |       |       |       |   233 ||   233
Invok: Curse Item        |       |       |     2 |     4 |     1 |     1 |     2 |     2 |     4 ||    16
       Shatter the Chain |       |       |     1 |       |       |     1 |     3 |     1 |     3 ||     9
Evoke: Wand              |     2 |    14 |    14 |    13 |    15 |    15 |     3 |       |     8 ||    84
       Tin of tremorston |       |       |       |       |       |     2 |       |       |       ||     2
       Phial of floods   |       |       |       |       |       |       |     1 |     1 |       ||     2
       Condenser vane    |       |       |       |       |       |       |     1 |     1 |     1 ||     3
       Phantom mirror    |       |       |       |       |       |       |       |       |     1 ||     1
  Use: Scroll            |     1 |     3 |    12 |     3 |     9 |    16 |     9 |     4 |    20 ||    77
       Potion            |       |       |     3 |     3 |     3 |     3 |     4 |     7 |    17 ||    40
 Stab: Sleeping          |     1 |     2 |     1 |     2 |       |       |     1 |     8 |       ||    15
       Distracted        |       |       |     3 |     1 |       |       |       |       |     3 ||     7
       Invisible         |       |       |       |       |     2 |       |       |     1 |       ||     3
Armor: Robe              |    52 |    32 |     1 |       |       |       |       |       |       ||    85
       Acid dragon scale |       |       |    49 |   154 |   240 |    22 |       |       |       ||   465
       Ice dragon scales |       |       |       |       |       |   638 |   387 |   472 |   180 ||  1677
       Gold dragon scale |       |       |       |       |       |       |       |       |   384 ||   384
Dodge: Dodged            |    72 |    57 |    63 |   217 |   468 |   895 |   559 |   607 |   699 ||  3637

Table legend: (Time is in decaauts)
 A = Elapsed time spent in this place.
 B = Non-inter-level travel time spent in this place.
 C = Inter-level travel time spent in this place.
 D = Time resting spent in this place.
 E = Time spent auto-exploring this place.
 F = Levels seen in this place.
 G = Mean time per level.
                   A        B        C        D        E       F      G
               +--------+--------+--------+--------+--------+-----+--------+
         Total | 119747 | 105233 |  14514 |  21630 |  59460 |  61 | 1963.1 |
       Dungeon |  27452 |  23031 |   4421 |   3270 |  14944 |  15 | 1830.1 |
        Temple |    115 |     71 |     44 |      0 |     60 |   1 |  115.0 |
          Lair |  15632 |  13899 |   1733 |   2733 |   8716 |   6 | 2605.3 |
        Shoals |   6356 |   6043 |    313 |   1009 |   3507 |   4 | 1589.0 |
   Spider Nest |   8288 |   7562 |    726 |   1758 |   4027 |   4 | 2072.0 |
    Slime Pits |   3577 |   3079 |    498 |    359 |   1922 |   5 |  715.4 |
  Orcish Mines |   3615 |   2920 |    695 |    716 |   1414 |   2 | 1807.5 |
   Elven Halls |   7125 |   5909 |   1216 |   1423 |   3272 |   3 | 2375.0 |
        Vaults |  15984 |  14297 |   1687 |   3867 |   6630 |   5 | 3196.8 |
         Crypt |   4359 |   4069 |    290 |    656 |   2443 |   3 | 1453.0 |
        Depths |  14542 |  12636 |   1906 |   2479 |   7582 |   4 | 3635.5 |
           Zot |   8701 |   7720 |    981 |   1791 |   3703 |   5 | 1740.2 |
        Bazaar |    142 |    142 |      0 |      0 |    103 |   1 |  142.0 |
        Bailey |   1043 |   1043 |      0 |    215 |    377 |   1 | 1043.0 |
      Ice Cave |   1762 |   1762 |      0 |    670 |    589 |   1 | 1762.0 |
      Gauntlet |   1047 |   1047 |      0 |    681 |    168 |   1 | 1047.0 |
               +--------+--------+--------+--------+--------+-----+--------+

Top non-repeatable levels by time:
Depths:4: 4807 daAuts
Depths:3: 4539 daAuts
  Lair:2: 3924 daAuts
Vaults:4: 3734 daAuts
Spider:3: 3571 daAuts
Vaults:1: 3486 daAuts
   Zot:5: 3355 daAuts
    D:10: 3351 daAuts
Vaults:2: 3350 daAuts
Depths:1: 3295 daAuts
    D:14: 3115 daAuts
Vaults:5: 2943 daAuts
  Lair:5: 2923 daAuts
  Lair:1: 2907 daAuts
   Elf:1: 2576 daAuts
